Colorado Avalanche vs Dallas Stars

Created - samedi, 18 novembre 2023 at 19:00

Goals
1 2 3 T
Colorado Avalanche 1 0 1 2
Dallas Stars 3 0 1 4
Shots
1 2 3 T
Colorado Avalanche 9 3 12 24
Dallas Stars 10 12 10 32

1st period

1. Colorado Avalanche , Tim Stutzle 12 (Nathan MacKinnon 15, Brandon Saad 9) at 7:20
2. Dallas Stars , Josh Anderson 4 (Kyle Connor 8, Trevor Zegras 6) at 7:36
3. Dallas Stars , Matthew Tkachuk 7 (Max Domi 8, J.J. Moser 6) at 11:46
4. Dallas Stars , Trevor Zegras 5 (Miro Heiskanen 12) at 12:16

Penalties :
Matthew Tkachuk (DAL) for Boarding (Minor) at 3:10, Hampus Lindholm (COL) for Tripping (Minor) at 3:10, Colton Parayko (DAL) for Roughing (Minor) at 13:22, John Klingberg (DAL) for Hooking (Minor) at 16:07

2nd period

No Goal

Penalties :
No Penalty

3rd period

5. Dallas Stars , John Klingberg 3 (Joey Anderson 1, J.J. Moser 7) at 1:51
6. Colorado Avalanche , Brandon Saad 2 (Tim Stutzle 13, Nathan MacKinnon 16) at 15:55

Penalties :
John Klingberg (DAL) for Cross-checking (Minor) at 19:45

Goalie Stats

Casey DeSmith (COL), 28 saves from 32 shots - (0.875), L, 1-1-2, 60:00 minutes
Ukko-Pekka Luukkonen (DAL), 22 saves from 24 shots - (0.917), W, 6-7-0, 60:00 minutes

Players Stats for Colorado Avalanche

Player Name              G  A  P  +/- PIM S  H  SB GA TA FO     MP     PP MP  PK MP  
------------------------------------------------------------------------------------
Alex Belzile             0  0  0  -2  0   1  1  0  0  0  0/0     9:57   0:00   0:00 
Andrew Copp              0  0  0  -1  0   0  1  0  0  0  0/0    13:16   0:00   0:00 
Brandon Saad             1  1  2   2  0   1  1  0  0  0  0/2    17:40   1:54   0:00 
David Krejci             0  0  0  -2  0   1  0  0  0  0  12/14  12:21   1:54   0:00 
Denis Malgin             0  0  0  -2  0   0  0  0  0  0  3/3     9:57   0:00   0:00 
Eeli Tolvanen            0  0  0  -1  0   0  2  0  0  0  0/1    13:16   0:00   0:00 
Gustav Forsling          0  0  0  -3  0   2  1  0  0  0  0/0    22:51   2:19   0:00 
Hampus Lindholm          0  0  0   1  2   0  2  1  0  0  0/0    18:56   0:45   0:00 
J.T. Compher             0  0  0  -1  0   4  0  0  0  0  2/4    17:48   2:05   0:00 
Lars Eller               0  0  0  -1  0   0  1  0  0  0  3/15   13:16   0:00   0:00 
Nathan MacKinnon         0  2  2   2  0   7  0  1  0  0  14/24  20:41   2:18   0:00 
Nazem Kadri              0  0  0  -1  0   3  2  0  0  0  0/0    16:57   2:07   0:00 
Nick Holden              0  0  0   0  0   0  1  1  0  0  0/0    15:48   0:00   0:00 
Owen Power               0  0  0  -3  0   0  1  0  0  0  0/0    22:52   1:55   0:00 
Paul Stastny             0  0  0  -1  0   0  1  0  0  0  10/16  16:43   1:53   0:00 
Ryan Graves              0  0  0   1  0   0  2  1  0  0  0/0    18:19   0:00   0:00 
Tim Stutzle              1  1  2   2  0   4  4  0  0  0  1/1    19:40   2:18   0:00 
Tyson Barrie             0  0  0   0  0   1  4  0  0  0  0/0    17:42   1:32   0:00 

Players Stats for Dallas Stars

Player Name              G  A  P  +/- PIM S  H  SB GA TA FO     MP     PP MP  PK MP  
------------------------------------------------------------------------------------
Colton Parayko           0  0  0  -1  2   0  1  0  0  0  0/0    18:12   0:00   0:59 
Evgenii Dadonov          0  0  0   0  0   0  0  0  0  0  0/1    13:19   0:00   0:00 
J.J. Moser               0  2  2   2  0   1  1  1  0  0  0/0    19:13   0:00   1:52 
Jason Robertson          0  0  0   0  0   2  0  0  0  0  0/2    18:51   0:00   0:55 
Joey Anderson            0  1  1   1  0   0  0  0  0  0  1/1    10:22   0:00   1:52 
John Klingberg           1  0  1   2  4   2  3  0  0  0  0/0    18:04   0:00   0:23 
Josh Anderson            1  0  1   1  0   3  3  0  0  0  1/1    15:48   0:00   0:00 
Juuso Parssinen          0  0  0   1  0   2  0  0  0  0  0/0     8:30   0:00   0:00 
Kyle Connor              0  1  1   1  0   5  0  0  0  0  1/3    16:46   0:00   0:00 
Matthew Tkachuk          1  0  1   0  2   5  0  0  0  0  0/0    17:36   0:00   1:25 
Mattias Janmark          0  0  0   0  0   4  0  0  0  0  2/4    15:18   0:00   1:59 
Max Domi                 0  1  1   0  0   2  1  0  0  0  11/21  17:10   0:00   0:00 
Michael Rasmussen        0  0  0   0  0   2  4  0  0  0  8/13   14:44   0:00   1:25 
Miro Heiskanen           0  1  1   1  0   1  1  0  0  0  0/0    23:02   0:00   2:36 
Moritz Seider            0  0  0   1  0   0  3  0  0  0  0/0    22:08   0:00   1:26 
Nathan Bastian           0  0  0   1  0   0  0  0  0  0  1/9     8:30   0:00   0:00 
Noah Dobson              0  0  0  -1  0   0  3  2  0  0  0/0    18:35   0:00   1:08 
Trevor Zegras            1  1  2   1  0   3  0  0  0  0  10/25  17:37   0:00   0:48 

3 Stars

1 - Tim Stutzle (COL)
2 - Trevor Zegras (DAL)
3 - Brandon Saad (COL)

Power Play

Colorado Avalanche - 0 on 3 Attempt(s) - 0.00%
Dallas Stars - 0 on 0 Attempt(s) - 0.00%

Penalty Kill

Colorado Avalanche - 0 on 0 Attempt(s) - 0.00% - Score 0 goal in Penalty Kill
Dallas Stars - 3 on 3 Attempt(s) - 100.00% - Score 0 goal in Penalty Kill

Team Stat

Colorado Avalanche - Hits : 24 - Faceoff Wins : 45 - Blocked Shots : 4 - Penalty Minutes : 2
Dallas Stars - Hits : 20 - Faceoff Wins : 35 - Blocked Shots : 3 - Penalty Minutes : 8

Official

Referees : Justin St Pierre and Kelly Sutherland
Linesman : Ben OQuinn and Jonathan Deschamps

Game Notes

No Game Note

Finance

Level 1 -- Attendance: 7415 (68.03%) -- Ticket Income $ 667 350
Level 2 -- Attendance: 1472 (65.42%) -- Ticket Income $ 110 400
Level 3 -- Attendance: 2485 (65.39%) -- Ticket Income $ 111 825
Level 4 -- Attendance: 1072 (71.47%) -- Ticket Income $ 32 160
Luxury Box -- Attendance: 37 (74.00%) -- Ticket Income $ 8 140
Game was played at the American Airlines Center.
Total Attendance: 12481 (67.46%)
Total Ticket Income: $ 929 875
Total Income: $ 929 875

Colorado Avalanche

5 vs 5 Forward 
   Center                   Left Wing                Right Wing               Time % Phy DF OF 
 1 Nathan MacKinnon         Brandon Saad             Tim Stutzle              32     0   2  3  
 2 Paul Stastny             Nazem Kadri              J.T. Compher             30     0   2  3  
 3 Lars Eller               Eeli Tolvanen            Andrew Copp              23     0   3  2  
 4 David Krejci             Denis Malgin             Alex Belzile             15     0   3  2  

5 vs 5 Defense 
   Defense                  Defense                                           Time % Phy DF OF 
 1 Gustav Forsling          Owen Power                                        33     0   2  3  
 2 Hampus Lindholm          Ryan Graves                                       33     0   3  2  
 3 Nick Holden              Tyson Barrie                                      29     0   3  2  
 4 Gustav Forsling          Owen Power                                        5      0   2  3  

PowerPlay Forward 
   Center                   Left Wing                Right Wing               Time % Phy DF OF 
 1 Nathan MacKinnon         Nazem Kadri              Tim Stutzle              50     0   0  5  
 2 David Krejci             Brandon Saad             J.T. Compher             50     0   0  5  

PowerPlay Defense
   Defense                  Defense                                           Time % Phy DF OF 
 1 Gustav Forsling          Tyson Barrie                                      50     0   1  4  
 2 Owen Power               Paul Stastny                                      50     0   1  4  

Penalty Kill 4 Players Forward 
   Center                   Wing                     Time % Phy DF OF 
 1 J.T. Compher             Andrew Copp              50     0   4  1  
 2 Lars Eller               Tim Stutzle              50     0   4  1  

Penalty Kill 4 Players Defense
   Defense                  Defense                  Time % Phy DF OF 
 1 Gustav Forsling          Hampus Lindholm          50     0   5  0  
 2 Owen Power               Nick Holden              50     0   5  0  

Penalty Kill - 3 Players Forward 
   Forward                                           Time % Phy DF OF 
 1 J.T. Compher                                      50     0   4  1  
 2 Lars Eller                                        50     0   4  1  

Penalty Kill - 3 Players Defense
   Defense                  Defense                  Time % Phy DF OF 
 1 Gustav Forsling          Hampus Lindholm          50     0   5  0  
 2 Owen Power               Nick Holden              50     0   5  0  

4 vs 4 Forward 
   Center                   Wing                     Time % Phy DF OF 
 1 Nathan MacKinnon         Tim Stutzle              50     0   1  4  
 2 David Krejci             J.T. Compher             50     0   2  3  

4 vs 4 Defense
   Defense                  Defense                  Time % Phy DF OF 
 1 Gustav Forsling          Owen Power               50     0   2  3  
 2 Hampus Lindholm          Tyson Barrie             50     0   2  3  

Last Minutes Offensive
   Center                   Left Wing                Right Wing               Defense                  Defense                  
   Nathan MacKinnon         Nazem Kadri              Tim Stutzle              Gustav Forsling          Hampus Lindholm          

Last Minutes Defensive
   Center                   Left Wing                Right Wing               Defense                  Defense                  
   J.T. Compher             Andrew Copp              Tim Stutzle              Gustav Forsling          Hampus Lindholm          

Goaltenders
Starting : Casey DeSmith            
Backup : Semyon Varlamov          

Extra Forwards
Normal : Nathan MacKinnon, Tim Stutzle, Nazem Kadri - PP : Nathan MacKinnon, Tim Stutzle - PK : J.T. Compher
Extra Defensemen
Normal : Gustav Forsling, Hampus Lindholm, Owen Power - PP : Gustav Forsling - PK : Gustav Forsling, Hampus Lindholm
Penalty Shots
Nathan MacKinnon, Tim Stutzle, Nazem Kadri, Brandon Saad, David Krejci
Custom OT Lines Forwards
Nathan MacKinnon, Nazem Kadri, Tim Stutzle, David Krejci, Brandon Saad, J.T. Compher, Paul Stastny, Eeli Tolvanen, Andrew Copp, Lars Eller
Custom OT Lines Defensemen
Gustav Forsling, Hampus Lindholm, Owen Power, Tyson Barrie, Ryan Graves

Scratches
Jesse Puljujarvi (Healthy), Jack Johnson (Healthy), Pavel Francouz (Healthy)

Dallas Stars

5 vs 5 Forward 
   Center                   Left Wing                Right Wing               Time % Phy DF OF 
 1 Max Domi                 Matthew Tkachuk          Jason Robertson          30     1   1  3  
 2 Trevor Zegras            Kyle Connor              Josh Anderson            30     1   1  3  
 3 Michael Rasmussen        Mattias Janmark          Evgenii Dadonov          25     1   3  1  
 4 Nathan Bastian           Juuso Parssinen          Joey Anderson            15     1   4  0  

5 vs 5 Defense 
   Defense                  Defense                                           Time % Phy DF OF 
 1 Miro Heiskanen           Moritz Seider                                     31     0   4  1  
 2 Colton Parayko           Noah Dobson                                       31     1   3  1  
 3 John Klingberg           J.J. Moser                                        30     2   2  1  
 4 Miro Heiskanen           Moritz Seider                                     8      0   4  1  

PowerPlay Forward 
   Center                   Left Wing                Right Wing               Time % Phy DF OF 
 1 Juuso Parssinen          Matthew Tkachuk          Jason Robertson          50     0   0  5  
 2 Max Domi                 Kyle Connor              Josh Anderson            50     0   0  5  

PowerPlay Defense
   Defense                  Defense                                           Time % Phy DF OF 
 1 Miro Heiskanen           Moritz Seider                                     45     0   1  4  
 2 John Klingberg           Noah Dobson                                       55     0   1  4  

Penalty Kill 4 Players Forward 
   Center                   Wing                     Time % Phy DF OF 
 1 Mattias Janmark          Joey Anderson            60     0   5  0  
 2 Michael Rasmussen        Matthew Tkachuk          40     0   5  0  

Penalty Kill 4 Players Defense
   Defense                  Defense                  Time % Phy DF OF 
 1 Colton Parayko           J.J. Moser               60     0   5  0  
 2 Miro Heiskanen           Moritz Seider            40     0   5  0  

Penalty Kill - 3 Players Forward 
   Forward                                           Time % Phy DF OF 
 1 Mattias Janmark                                   50     0   5  0  
 2 Michael Rasmussen                                 50     0   5  0  

Penalty Kill - 3 Players Defense
   Defense                  Defense                  Time % Phy DF OF 
 1 Colton Parayko           J.J. Moser               60     0   5  0  
 2 Miro Heiskanen           Moritz Seider            40     0   5  0  

4 vs 4 Forward 
   Center                   Wing                     Time % Phy DF OF 
 1 Max Domi                 Kyle Connor              50     0   3  2  
 2 Trevor Zegras            Jason Robertson          50     0   3  2  

4 vs 4 Defense
   Defense                  Defense                  Time % Phy DF OF 
 1 Miro Heiskanen           Noah Dobson              50     0   4  1  
 2 John Klingberg           J.J. Moser               50     0   4  1  

Last Minutes Offensive
   Center                   Left Wing                Right Wing               Defense                  Defense                  
   Trevor Zegras            Matthew Tkachuk          Jason Robertson          Miro Heiskanen           Noah Dobson              

Last Minutes Defensive
   Center                   Left Wing                Right Wing               Defense                  Defense                  
   Michael Rasmussen        Matthew Tkachuk          Mattias Janmark          Miro Heiskanen           Colton Parayko           

Goaltenders
Starting : Ukko-Pekka Luukkonen     
Backup : Felix Sandstrom          

Extra Forwards
Normal : Kyle Connor, Jason Robertson, Matthew Tkachuk - PP : Matthew Tkachuk, Jason Robertson - PK : Michael Rasmussen
Extra Defensemen
Normal : Colton Parayko, Miro Heiskanen, Moritz Seider - PP : J.J. Moser - PK : Colton Parayko, Miro Heiskanen
Penalty Shots
Matthew Tkachuk, Trevor Zegras, Jason Robertson, Kyle Connor, Josh Anderson
Custom OT Lines Forwards
Matthew Tkachuk, Jason Robertson, Kyle Connor, Trevor Zegras, Max Domi, Josh Anderson, Michael Rasmussen, Mattias Janmark, Juuso Parssinen, Evgenii Dadonov
Custom OT Lines Defensemen
Miro Heiskanen, Moritz Seider, Colton Parayko, Noah Dobson, John Klingberg

Scratches
Cal Foote (Healthy)

% Time on Ice - Colorado Avalanche

Lines # - Real PCT - Wanted PCT - Time Play
Normal Forward
1 - 29% - 32% - 15:46
2 - 28% - 30% - 14:50
3 - 25% - 23% - 13:16
4 - 18% - 15% - 9:57
Normal Defense
1 - 34% - 33% - 18:22
2 - 34% - 33% - 18:12
3 - 29% - 29% - 15:42
4 - 3% - 5% - 1:33
PP Forward
1 - 55% - 50% - 2:18
2 - 45% - 50% - 1:54
PP Defense
1 - 41% - 50% - 1:43
2 - 59% - 50% - 2:29
PK Forward
1 - 0% - 50%
2 - 0% - 50%
PK Defense
1 - 0% - 50%
2 - 0% - 50%
PK3 Forward
1 - 0% - 50%
2 - 0% - 50%
PK3 Defense
1 - 0% - 50%
2 - 0% - 50%
44 Forward
1 - 55% - 50% - 1:06
2 - 45% - 50% - 0:53
44 Defense
1 - 39% - 50% - 0:46
2 - 61% - 50% - 1:13
Last Minute Offensive  - 0:00
Last Minute Defensive  - 0:00
Total
Forward - 60:00
Defense - 60:00

% Time on Ice - Dallas Stars

Lines # - Real PCT - Wanted PCT - Time Play
Normal Forward
1 - 30% - 30% - 16:12
2 - 29% - 30% - 15:48
3 - 25% - 25% - 13:19
4 - 16% - 15% - 8:30
Normal Defense
1 - 31% - 31% - 16:33
2 - 32% - 31% - 17:14
3 - 31% - 30% - 16:25
4 - 7% - 8% - 3:37
PP Forward
1 - 0% - 50%
2 - 0% - 50%
PP Defense
1 - 0% - 45%
2 - 0% - 55%
PK Forward
1 - 72% - 60% - 3:01
2 - 28% - 40% - 1:11
PK Defense
1 - 60% - 60% - 2:32
2 - 40% - 40% - 1:40
PK3 Forward
1 - 0% - 50%
2 - 0% - 50%
PK3 Defense
1 - 0% - 60%
2 - 0% - 40%
44 Forward
1 - 49% - 50% - 0:58
2 - 51% - 50% - 1:01
44 Defense
1 - 45% - 50% - 0:54
2 - 55% - 50% - 1:05
Last Minute Offensive  - 0:00
Last Minute Defensive  - 0:00
Total
Forward - 60:00
Defense - 60:00

Play-by-Play

1st period


0:01 of 1st period - Max Domi wins face-off versus Nathan MacKinnon in neutral zone.
0:21 of 1st period - Shot by Miro Heiskanen.
0:21 of 1st period - Shot Misses the Net.
0:31 of 1st period - Shot by Jason Robertson.
0:31 of 1st period - Deflect By Matthew Tkachuk.
0:31 of 1st period - Stopped by Casey DeSmith without a rebound.
0:32 of 1st period - Paul Stastny wins face-off versus Trevor Zegras in Colorado Avalanche zone.
1:25 of 1st period - J.J. Moser is hit by Nick Holden and loses puck.
2:58 of 1st period - Jason Robertson is hit by Ryan Graves and loses puck.
3:10 of 1st period - Minor Penalty to Matthew Tkachuk for Boarding.
3:10 of 1st period - Minor Penalty to Hampus Lindholm for Tripping.
3:11 of 1st period - Nathan MacKinnon wins face-off versus Jason Robertson in Colorado Avalanche zone.
3:22 of 1st period - Shot by Nathan MacKinnon.
3:22 of 1st period - Stopped by Ukko-Pekka Luukkonen without a rebound.
3:23 of 1st period - David Krejci wins face-off versus Max Domi in Dallas Stars zone.
3:33 of 1st period - Icing by Max Domi.
3:34 of 1st period - Nathan MacKinnon wins face-off versus Max Domi in Dallas Stars zone.
3:41 of 1st period - Shot by Tyson Barrie.
3:41 of 1st period - Stopped by Ukko-Pekka Luukkonen without a rebound.
3:42 of 1st period - Trevor Zegras wins face-off versus Nathan MacKinnon in Dallas Stars zone.
3:51 of 1st period - Shot by Trevor Zegras.
3:51 of 1st period - Stopped by Casey DeSmith without a rebound.
3:52 of 1st period - David Krejci wins face-off versus Max Domi in Colorado Avalanche zone.
3:56 of 1st period - Icing by Owen Power.
3:57 of 1st period - David Krejci wins face-off versus Trevor Zegras in Colorado Avalanche zone.
4:04 of 1st period - Shot by J.T. Compher.
4:04 of 1st period - Shot Misses the Net.
4:06 of 1st period - Shot by J.T. Compher.
4:06 of 1st period - Shot Misses the Net.
5:08 of 1st period - Shot by David Krejci.
5:08 of 1st period - Stopped by Ukko-Pekka Luukkonen without a rebound.
5:09 of 1st period - Trevor Zegras wins face-off versus David Krejci in Dallas Stars zone.
5:56 of 1st period - Shot by J.T. Compher.
5:56 of 1st period - Shot Misses the Net.
6:38 of 1st period - Shot by Trevor Zegras.
6:38 of 1st period - Shot Misses the Net.
6:40 of 1st period - Shot by J.J. Moser.
6:40 of 1st period - Stopped by Casey DeSmith with a rebound.
6:42 of 1st period - Shot by Josh Anderson.
6:42 of 1st period - Stopped by Casey DeSmith with a rebound.
6:44 of 1st period - Shot by Kyle Connor.
6:44 of 1st period - Stopped by Casey DeSmith without a rebound.
6:45 of 1st period - Max Domi wins face-off versus Nathan MacKinnon in Colorado Avalanche zone.
6:50 of 1st period - Shot by Matthew Tkachuk.
6:50 of 1st period - Stopped by Casey DeSmith without a rebound.
6:51 of 1st period - Max Domi wins face-off versus Nathan MacKinnon in Colorado Avalanche zone.
7:06 of 1st period - Shot by Noah Dobson.
7:06 of 1st period - Shot Blocked by Nathan MacKinnon.
7:20 of 1st period - Shot by Nathan MacKinnon.
7:20 of 1st period - Deflect By Tim Stutzle.
7:20 of 1st period - Goal by Tim Stutzle - Colorado Avalanche : 1 - Dallas Stars : 0.
7:21 of 1st period - Trevor Zegras wins face-off versus Lars Eller in neutral zone.
7:36 of 1st period - Shot by Josh Anderson.
7:36 of 1st period - Goal by Josh Anderson - Colorado Avalanche : 1 - Dallas Stars : 1.
7:37 of 1st period - David Krejci wins face-off versus Nathan Bastian in neutral zone.
7:40 of 1st period - Shot by Gustav Forsling.
7:40 of 1st period - Stopped by Ukko-Pekka Luukkonen with a rebound.
7:57 of 1st period - Icing by John Klingberg.
7:58 of 1st period - Nathan MacKinnon wins face-off versus Nathan Bastian in Dallas Stars zone.
8:09 of 1st period - Shot by Brandon Saad.
8:09 of 1st period - Shot Misses the Net.
8:35 of 1st period - Icing by Ryan Graves.
8:36 of 1st period - Nathan MacKinnon wins face-off versus Trevor Zegras in Colorado Avalanche zone.
8:45 of 1st period - Miro Heiskanen is hit by Ryan Graves and loses puck.
8:57 of 1st period - Nathan MacKinnon is hit by Josh Anderson and loses puck.
9:06 of 1st period - Shot by Kyle Connor.
9:06 of 1st period - Shot Misses the Net.
9:40 of 1st period - Icing by Ryan Graves.
9:41 of 1st period - Mattias Janmark wins face-off versus Nathan MacKinnon in Colorado Avalanche zone.
9:52 of 1st period - Colton Parayko is hit by Tim Stutzle and loses puck.
10:08 of 1st period - J.T. Compher is hit by Noah Dobson.
10:10 of 1st period - Shot by Nazem Kadri.
10:10 of 1st period - Shot Misses the Net.
10:17 of 1st period - Nazem Kadri is hit by Noah Dobson and loses puck.
10:24 of 1st period - Shot by J.T. Compher.
10:24 of 1st period - Deflect By Nazem Kadri.
10:24 of 1st period - Shot Misses the Net.
10:26 of 1st period - Shot by Nazem Kadri.
10:26 of 1st period - Stopped by Ukko-Pekka Luukkonen without a rebound.
10:27 of 1st period - Max Domi wins face-off versus Lars Eller in Dallas Stars zone.
10:53 of 1st period - Shot by Matthew Tkachuk.
10:53 of 1st period - Shot Misses the Net.
10:55 of 1st period - Shot by Jason Robertson.
10:55 of 1st period - Shot Misses the Net.
10:57 of 1st period - Shot by John Klingberg.
10:57 of 1st period - Stopped by Casey DeSmith without a rebound.
10:58 of 1st period - David Krejci wins face-off versus Trevor Zegras in Colorado Avalanche zone.
11:06 of 1st period - Icing by Moritz Seider.
11:07 of 1st period - Paul Stastny wins face-off versus Trevor Zegras in Dallas Stars zone.
11:20 of 1st period - Shot by J.T. Compher.
11:20 of 1st period - Stopped by Ukko-Pekka Luukkonen without a rebound.
11:21 of 1st period - David Krejci wins face-off versus Jason Robertson in Dallas Stars zone.
11:46 of 1st period - Shot by Max Domi.
11:46 of 1st period - Deflect By Matthew Tkachuk.
11:46 of 1st period - Goal by Matthew Tkachuk - Colorado Avalanche : 1 - Dallas Stars : 2.
11:47 of 1st period - Paul Stastny wins face-off versus Trevor Zegras in neutral zone.
11:50 of 1st period - Kyle Connor is hit by Nazem Kadri and loses puck.
12:04 of 1st period - Nazem Kadri is hit by Miro Heiskanen.
12:16 of 1st period - Shot by Trevor Zegras.
12:16 of 1st period - Goal by Trevor Zegras - Colorado Avalanche : 1 - Dallas Stars : 3.
12:17 of 1st period - Max Domi wins face-off versus Lars Eller in neutral zone.
12:48 of 1st period - Tyson Barrie is hit by Max Domi and loses puck.
13:14 of 1st period - Alex Belzile is hit by Noah Dobson and loses puck.
13:22 of 1st period - Minor Penalty to Colton Parayko for Roughing.
13:23 of 1st period - Mattias Janmark wins face-off versus Nathan MacKinnon in Dallas Stars zone.
13:23 of 1st period - Mattias Janmark is hit by Tim Stutzle.
14:45 of 1st period - Icing by Gustav Forsling.
14:46 of 1st period - Michael Rasmussen wins face-off versus David Krejci in Colorado Avalanche zone.
14:55 of 1st period - Michael Rasmussen is hit by Brandon Saad.
15:29 of 1st period - Colton Parayko is hit by Eeli Tolvanen and loses puck.
16:07 of 1st period - Minor Penalty to John Klingberg for Hooking.
16:08 of 1st period - Nathan MacKinnon wins face-off versus Mattias Janmark in Dallas Stars zone.
16:45 of 1st period - Shot by Tim Stutzle.
16:45 of 1st period - Stopped by Ukko-Pekka Luukkonen without a rebound.
16:46 of 1st period - David Krejci wins face-off versus Mattias Janmark in Dallas Stars zone.
17:43 of 1st period - Shot by Tim Stutzle.
17:43 of 1st period - Shot Misses the Net.
17:45 of 1st period - Shot by Hampus Lindholm.
17:45 of 1st period - Shot Blocked by Noah Dobson.
18:10 of 1st period - Nathan MacKinnon is hit by John Klingberg and loses puck.
18:53 of 1st period - Icing by Gustav Forsling.
18:54 of 1st period - Denis Malgin wins face-off versus Max Domi in Colorado Avalanche zone.
19:02 of 1st period - Icing by Gustav Forsling.
19:03 of 1st period - Nathan MacKinnon wins face-off versus Nathan Bastian in Colorado Avalanche zone.
19:44 of 1st period - Shot by J.T. Compher.
19:44 of 1st period - Stopped by Ukko-Pekka Luukkonen without a rebound.
19:45 of 1st period - Michael Rasmussen wins face-off versus Lars Eller in Dallas Stars zone.
19:52 of 1st period - Icing by Andrew Copp.
19:53 of 1st period - Max Domi wins face-off versus Lars Eller in Colorado Avalanche zone.
Goals for this period are 1 for Colorado Avalanche vs 3 for Dallas Stars.
Shots for this period are 9 for Colorado Avalanche vs 10 for Dallas Stars.

2nd period


0:01 of 2nd period - Michael Rasmussen wins face-off versus Nathan MacKinnon in neutral zone.
0:18 of 2nd period - Shot by Michael Rasmussen.
0:18 of 2nd period - Stopped by Casey DeSmith without a rebound.
0:19 of 2nd period - Paul Stastny wins face-off versus Max Domi in Colorado Avalanche zone.
0:30 of 2nd period - Shot by J.T. Compher.
0:30 of 2nd period - Shot Misses the Net.
0:50 of 2nd period - Shot by Jason Robertson.
0:50 of 2nd period - Shot Blocked by Ryan Graves.
0:52 of 2nd period - Shot by Jason Robertson.
0:52 of 2nd period - Shot Blocked by Hampus Lindholm.
0:54 of 2nd period - Shot by Matthew Tkachuk.
0:54 of 2nd period - Stopped by Casey DeSmith without a rebound.
0:55 of 2nd period - Michael Rasmussen wins face-off versus Brandon Saad in Colorado Avalanche zone.
1:31 of 2nd period - Off-side.
1:32 of 2nd period - Denis Malgin wins face-off versus Trevor Zegras in neutral zone.
1:39 of 2nd period - Shot by David Krejci.
1:39 of 2nd period - Shot Misses the Net.
1:41 of 2nd period - Shot by Alex Belzile.
1:41 of 2nd period - Stopped by Ukko-Pekka Luukkonen without a rebound.
1:42 of 2nd period - Max Domi wins face-off versus Lars Eller in Dallas Stars zone.
1:46 of 2nd period - Off-side.
1:47 of 2nd period - J.T. Compher wins face-off versus Trevor Zegras in neutral zone.
1:50 of 2nd period - Kyle Connor is hit by Paul Stastny and loses puck.
2:47 of 2nd period - Nathan MacKinnon is hit by Moritz Seider and loses puck.
3:03 of 2nd period - Shot by Matthew Tkachuk.
3:03 of 2nd period - Shot Misses the Net.
3:05 of 2nd period - Shot by Max Domi.
3:05 of 2nd period - Shot Misses the Net.
3:48 of 2nd period - Icing by Ryan Graves.
3:49 of 2nd period - Michael Rasmussen wins face-off versus Lars Eller in Colorado Avalanche zone.
3:53 of 2nd period - Mattias Janmark is hit by Hampus Lindholm and loses puck.
3:56 of 2nd period - Shot by Michael Rasmussen.
3:56 of 2nd period - Shot Misses the Net.
3:58 of 2nd period - Shot by Mattias Janmark.
3:58 of 2nd period - Stopped by Casey DeSmith without a rebound.
3:59 of 2nd period - Paul Stastny wins face-off versus Nathan Bastian in Colorado Avalanche zone.
4:25 of 2nd period - Shot by Juuso Parssinen.
4:25 of 2nd period - Stopped by Casey DeSmith without a rebound.
4:26 of 2nd period - David Krejci wins face-off versus Michael Rasmussen in Colorado Avalanche zone.
4:41 of 2nd period - Shot by Michael Rasmussen.
4:41 of 2nd period - Stopped by Casey DeSmith without a rebound.
4:42 of 2nd period - Trevor Zegras wins face-off versus Lars Eller in Colorado Avalanche zone.
4:43 of 2nd period - Shot by Kyle Connor.
4:43 of 2nd period - Stopped by Casey DeSmith without a rebound.
4:44 of 2nd period - Trevor Zegras wins face-off versus Nathan MacKinnon in Colorado Avalanche zone.
5:47 of 2nd period - Shot by Mattias Janmark.
5:47 of 2nd period - Stopped by Casey DeSmith without a rebound.
5:48 of 2nd period - Max Domi wins face-off versus Paul Stastny in Colorado Avalanche zone.
6:02 of 2nd period - Shot by Matthew Tkachuk.
6:02 of 2nd period - Stopped by Casey DeSmith without a rebound.
6:03 of 2nd period - Nathan Bastian wins face-off versus Lars Eller in Colorado Avalanche zone.
6:07 of 2nd period - Icing by Tyson Barrie.
6:08 of 2nd period - Michael Rasmussen wins face-off versus Eeli Tolvanen in Colorado Avalanche zone.
6:37 of 2nd period - Shot by Mattias Janmark.
6:37 of 2nd period - Shot Misses the Net.
6:39 of 2nd period - Shot by Mattias Janmark.
6:39 of 2nd period - Shot Blocked by Nick Holden.
6:41 of 2nd period - Shot by Miro Heiskanen.
6:41 of 2nd period - Stopped by Casey DeSmith without a rebound.
6:42 of 2nd period - Trevor Zegras wins face-off versus Paul Stastny in Colorado Avalanche zone.
7:15 of 2nd period - Shot by Paul Stastny.
7:15 of 2nd period - Deflect By Nazem Kadri.
7:15 of 2nd period - Shot Misses the Net.
7:44 of 2nd period - Nathan MacKinnon is hit by John Klingberg and loses puck.
8:06 of 2nd period - Shot by Nathan MacKinnon.
8:06 of 2nd period - Shot Misses the Net.
8:08 of 2nd period - Shot by Nathan MacKinnon.
8:08 of 2nd period - Shot Misses the Net.
8:55 of 2nd period - David Krejci is hit by Michael Rasmussen and loses puck.
9:00 of 2nd period - Tyson Barrie is hit by Michael Rasmussen and loses puck.
9:53 of 2nd period - Shot by Gustav Forsling.
9:53 of 2nd period - Stopped by Ukko-Pekka Luukkonen without a rebound.
9:54 of 2nd period - Kyle Connor wins face-off versus Nathan MacKinnon in Dallas Stars zone.
10:07 of 2nd period - Tim Stutzle is hit by Josh Anderson and loses puck.
10:17 of 2nd period - Shot by Josh Anderson.
10:17 of 2nd period - Shot Misses the Net.
11:37 of 2nd period - Michael Rasmussen is hit by Owen Power and loses puck.
12:51 of 2nd period - Colton Parayko is hit by Tim Stutzle and loses puck.
14:53 of 2nd period - Shot by Juuso Parssinen.
14:53 of 2nd period - Stopped by Casey DeSmith without a rebound.
14:54 of 2nd period - Paul Stastny wins face-off versus Kyle Connor in Colorado Avalanche zone.
15:11 of 2nd period - Shot by Trevor Zegras.
15:11 of 2nd period - Stopped by Casey DeSmith without a rebound.
15:12 of 2nd period - David Krejci wins face-off versus Kyle Connor in Colorado Avalanche zone.
16:06 of 2nd period - Hampus Lindholm is hit by Josh Anderson and loses puck.
17:00 of 2nd period - Icing by Colton Parayko.
17:01 of 2nd period - J.T. Compher wins face-off versus Nathan Bastian in Dallas Stars zone.
17:22 of 2nd period - Shot by Nazem Kadri.
17:22 of 2nd period - Shot Misses the Net.
17:53 of 2nd period - Colton Parayko is hit by Lars Eller and loses puck.
18:14 of 2nd period - Shot by Max Domi.
18:14 of 2nd period - Stopped by Casey DeSmith without a rebound.
18:15 of 2nd period - David Krejci wins face-off versus Michael Rasmussen in Colorado Avalanche zone.
18:15 of 2nd period - David Krejci is hit by Michael Rasmussen.
18:45 of 2nd period - Shot by Mattias Janmark.
18:45 of 2nd period - Shot Misses the Net.
19:18 of 2nd period - Shot by Nazem Kadri.
19:18 of 2nd period - Stopped by Ukko-Pekka Luukkonen without a rebound.
19:19 of 2nd period - Trevor Zegras wins face-off versus Lars Eller in Dallas Stars zone.
Goals for this period are 0 for Colorado Avalanche vs 0 for Dallas Stars.
Shots for this period are 3 for Colorado Avalanche vs 12 for Dallas Stars.

3rd period


0:01 of 3rd period - Max Domi wins face-off versus J.T. Compher in neutral zone.
0:29 of 3rd period - Matthew Tkachuk is hit by Nazem Kadri and loses puck.
0:47 of 3rd period - Icing by Gustav Forsling.
0:48 of 3rd period - Tim Stutzle wins face-off versus Michael Rasmussen in Colorado Avalanche zone.
0:48 of 3rd period - Nathan MacKinnon is hit by Michael Rasmussen.
1:00 of 3rd period - Tim Stutzle is hit by John Klingberg.
1:07 of 3rd period - Shot by Nathan MacKinnon.
1:07 of 3rd period - Stopped by Ukko-Pekka Luukkonen without a rebound.
1:08 of 3rd period - Josh Anderson wins face-off versus Lars Eller in Dallas Stars zone.
1:25 of 3rd period - Shot by Josh Anderson.
1:25 of 3rd period - Stopped by Casey DeSmith without a rebound.
1:26 of 3rd period - David Krejci wins face-off versus Nathan Bastian in Colorado Avalanche zone.
1:49 of 3rd period - Shot by Joey Anderson.
1:49 of 3rd period - Shot Misses the Net.
1:51 of 3rd period - Shot by John Klingberg.
1:51 of 3rd period - Goal by John Klingberg - Colorado Avalanche : 1 - Dallas Stars : 4.
1:52 of 3rd period - Max Domi wins face-off versus J.T. Compher in neutral zone.
2:02 of 3rd period - Tyson Barrie is hit by Moritz Seider and loses puck.
2:10 of 3rd period - Shot by J.T. Compher.
2:10 of 3rd period - Stopped by Ukko-Pekka Luukkonen without a rebound.
2:11 of 3rd period - Nathan MacKinnon wins face-off versus Trevor Zegras in Dallas Stars zone.
2:16 of 3rd period - Shot by Tim Stutzle.
2:16 of 3rd period - Deflect By Brandon Saad.
2:16 of 3rd period - Shot Blocked by Noah Dobson.
2:18 of 3rd period - Shot by Nathan MacKinnon.
2:18 of 3rd period - Shot Misses the Net.
2:20 of 3rd period - Shot by Nathan MacKinnon.
2:20 of 3rd period - Shot Misses the Net.
2:35 of 3rd period - Shot by Nathan MacKinnon.
2:35 of 3rd period - Stopped by Ukko-Pekka Luukkonen without a rebound.
2:36 of 3rd period - Max Domi wins face-off versus Paul Stastny in Dallas Stars zone.
2:38 of 3rd period - Icing by Jason Robertson.
2:39 of 3rd period - Paul Stastny wins face-off versus Max Domi in Dallas Stars zone.
3:17 of 3rd period - Icing by Miro Heiskanen.
3:18 of 3rd period - Nathan MacKinnon wins face-off versus Max Domi in Dallas Stars zone.
3:21 of 3rd period - Shot by Nathan MacKinnon.
3:21 of 3rd period - Stopped by Ukko-Pekka Luukkonen without a rebound.
3:22 of 3rd period - Nathan MacKinnon wins face-off versus Michael Rasmussen in Dallas Stars zone.
3:33 of 3rd period - Shot by Tim Stutzle.
3:33 of 3rd period - Shot Misses the Net.
4:11 of 3rd period - Off-side.
4:12 of 3rd period - Paul Stastny wins face-off versus Nathan Bastian in neutral zone.
4:40 of 3rd period - Nazem Kadri is hit by Moritz Seider and loses puck.
5:30 of 3rd period - Jason Robertson is hit by Tyson Barrie and loses puck.
5:34 of 3rd period - Icing by Nick Holden.
5:35 of 3rd period - Trevor Zegras wins face-off versus Lars Eller in Colorado Avalanche zone.
5:36 of 3rd period - Shot by Kyle Connor.
5:36 of 3rd period - Stopped by Casey DeSmith without a rebound.
5:37 of 3rd period - Denis Malgin wins face-off versus Trevor Zegras in Colorado Avalanche zone.
5:53 of 3rd period - Icing by J.J. Moser.
5:54 of 3rd period - Nathan MacKinnon wins face-off versus Trevor Zegras in Dallas Stars zone.
6:02 of 3rd period - Off-side.
6:03 of 3rd period - Michael Rasmussen wins face-off versus Paul Stastny in neutral zone.
8:08 of 3rd period - Icing by Nick Holden.
8:09 of 3rd period - Lars Eller wins face-off versus Trevor Zegras in Colorado Avalanche zone.
9:45 of 3rd period - Shot by Jason Robertson.
9:45 of 3rd period - Stopped by Casey DeSmith with a rebound.
9:47 of 3rd period - Shot by Jason Robertson.
9:47 of 3rd period - Stopped by Casey DeSmith without a rebound.
9:48 of 3rd period - Nathan MacKinnon wins face-off versus Trevor Zegras in Colorado Avalanche zone.
10:00 of 3rd period - Shot by Tim Stutzle.
10:00 of 3rd period - Deflect By Nathan MacKinnon.
10:00 of 3rd period - Shot Misses the Net.
10:16 of 3rd period - Shot by Nathan MacKinnon.
10:16 of 3rd period - Stopped by Ukko-Pekka Luukkonen without a rebound.
10:17 of 3rd period - Lars Eller wins face-off versus Max Domi in Dallas Stars zone.
10:17 of 3rd period - Andrew Copp is hit by Colton Parayko and loses puck.
11:17 of 3rd period - Shot by Denis Malgin.
11:17 of 3rd period - Shot Misses the Net.
11:33 of 3rd period - Mattias Janmark is hit by Alex Belzile and loses puck.
11:49 of 3rd period - Shot by Tim Stutzle.
11:49 of 3rd period - Stopped by Ukko-Pekka Luukkonen without a rebound.
11:50 of 3rd period - Paul Stastny wins face-off versus Nathan Bastian in Dallas Stars zone.
12:06 of 3rd period - Icing by Nazem Kadri.
12:07 of 3rd period - Trevor Zegras wins face-off versus Paul Stastny in Colorado Avalanche zone.
12:08 of 3rd period - Shot by Kyle Connor.
12:08 of 3rd period - Shot Misses the Net.
12:25 of 3rd period - J.T. Compher is hit by J.J. Moser and loses puck.
12:52 of 3rd period - Shot by Nathan MacKinnon.
12:52 of 3rd period - Stopped by Ukko-Pekka Luukkonen with a rebound.
13:54 of 3rd period - Juuso Parssinen is hit by Eeli Tolvanen and loses puck.
14:16 of 3rd period - Trevor Zegras is hit by Tyson Barrie and loses puck.
14:31 of 3rd period - Shot by Kyle Connor.
14:31 of 3rd period - Stopped by Casey DeSmith without a rebound.
14:32 of 3rd period - Michael Rasmussen wins face-off versus Paul Stastny in Colorado Avalanche zone.
14:33 of 3rd period - Shot by Evgenii Dadonov.
14:33 of 3rd period - Deflect By Mattias Janmark.
14:33 of 3rd period - Stopped by Casey DeSmith with a rebound.
14:45 of 3rd period - Shot by J.T. Compher.
14:45 of 3rd period - Stopped by Ukko-Pekka Luukkonen without a rebound.
14:46 of 3rd period - David Krejci wins face-off versus Max Domi in Dallas Stars zone.
15:11 of 3rd period - Shot by Matthew Tkachuk.
15:11 of 3rd period - Shot Misses the Net.
15:45 of 3rd period - Shot by Nazem Kadri.
15:45 of 3rd period - Stopped by Ukko-Pekka Luukkonen without a rebound.
15:46 of 3rd period - Nathan MacKinnon wins face-off versus Trevor Zegras in Dallas Stars zone.
15:47 of 3rd period - Shot by Tim Stutzle.
15:47 of 3rd period - Stopped by Ukko-Pekka Luukkonen without a rebound.
15:48 of 3rd period - Nathan MacKinnon wins face-off versus Trevor Zegras in Dallas Stars zone.
15:55 of 3rd period - Shot by Brandon Saad.
15:55 of 3rd period - Goal by Brandon Saad - Colorado Avalanche : 2 - Dallas Stars : 4.
15:56 of 3rd period - Paul Stastny wins face-off versus Michael Rasmussen in neutral zone.
16:18 of 3rd period - Michael Rasmussen is hit by Gustav Forsling and loses puck.
16:27 of 3rd period - Shot by Mattias Janmark.
16:27 of 3rd period - Stopped by Casey DeSmith without a rebound.
16:28 of 3rd period - Trevor Zegras wins face-off versus Brandon Saad in Colorado Avalanche zone.
16:28 of 3rd period - Kyle Connor is hit by Tyson Barrie and loses puck.
16:38 of 3rd period - Off-side.
16:39 of 3rd period - Lars Eller wins face-off versus Max Domi in neutral zone.
16:42 of 3rd period - Jason Robertson is hit by Andrew Copp and loses puck.
17:02 of 3rd period - Max Domi is hit by Hampus Lindholm and loses puck.
17:28 of 3rd period - Shot by Kyle Connor.
17:28 of 3rd period - Stopped by Casey DeSmith without a rebound.
17:29 of 3rd period - Nathan MacKinnon wins face-off versus Evgenii Dadonov in Colorado Avalanche zone.
17:44 of 3rd period - Shot by Nathan MacKinnon.
17:44 of 3rd period - Shot Misses the Net.
17:46 of 3rd period - Shot by Tim Stutzle.
17:46 of 3rd period - Deflect By Nathan MacKinnon.
17:46 of 3rd period - Shot Misses the Net.
17:57 of 3rd period - Evgenii Dadonov is hit by Tyson Barrie and loses puck.
19:32 of 3rd period - Shot by Max Domi.
19:32 of 3rd period - Stopped by Casey DeSmith with a rebound.
19:45 of 3rd period - Minor Penalty to John Klingberg for Cross-checking.
19:46 of 3rd period - Joey Anderson wins face-off versus Nathan MacKinnon in Dallas Stars zone.
19:46 of 3rd period - Joey Anderson is hit by Tim Stutzle.
19:56 of 3rd period - Shot by Nathan MacKinnon.
19:56 of 3rd period - Stopped by Ukko-Pekka Luukkonen with a rebound.
19:58 of 3rd period - Shot by Gustav Forsling.
19:58 of 3rd period - Deflect By Tim Stutzle.
19:58 of 3rd period - Shot Blocked by J.J. Moser.
Goals for this period are 1 for Colorado Avalanche vs 1 for Dallas Stars.
Shots for this period are 12 for Colorado Avalanche vs 10 for Dallas Stars.